 Dungeon Crawl Stone Soup version 0.28.0-53-g5a82cb258f (webtiles) character file.

Game seed: 1182314541300327156

112 Gabide the Skirmisher (level 4, -1/38 HPs)
             Began as a Mummy Berserker on June 20, 2022.
             Was a Believer of Trog.
             Killed from afar by Ijyb (10 damage)
             ... with a puff of flame
             ... on level 3 of the Dungeon.
             The game lasted 00:11:26 (2698 turns).

Gabide the Skirmisher (Mummy Berserker)             Turns: 2698, Time: 00:11:27

Health: -1/38      AC:  5    Str: 22    XL:     4   Next: 64%
Magic:  4/4        EV: 11    Int:  6    God:    Trog [**....]
Gold:   111        SH:  0    Dex: 11    Spells: 3/3 levels left

rFire   x . .      SeeInvis .     - Unarmed
rCold   + + .      Faith    .   (no shield)
rNeg    + + +      Spirit   .   b - +2 leather armour {rC+}
rPois   ∞          Reflect  .   (no helmet)
rElec   .          Harm     .   (no cloak)
rCorr   .          Rampage  .   (no gloves)
Will    ++...                   (no boots)
Stlth   +.........              (no amulet)
HPRegen 1.12/turn               (no ring)
MPRegen 0.09/turn               (no ring)

@: strong-willed (expiring), regenerating (expiring)
A: cold resistance 1, negative energy resistance 3, torment resistance 2, heat
vulnerability 1, no potions
a: Renounce Religion, Trog's Hand


You were on level 3 of the Dungeon.
You worshipped Trog.
Trog was pleased with you.
You visited 1 branch of the dungeon, and saw 3 of its levels.

You collected 111 gold pieces.

Inventory:

Hand Weapons
 a - a +0 hunting sling
Missiles
 c - 46 stones (quivered)
 g - 13 poisoned darts
Armour
 b - a +2 leather armour of cold resistance (worn)
Scrolls
 i - a scroll of blinking {unknown}


   Skills:
 + Level 4.4 Fighting
 - Level 1.5 Armour
 - Level 1.5 Dodging
 + Level 3.6 Unarmed Combat


You had 3 spell levels left.
You didn't know any spells.
Your spell library was empty.

Dungeon Overview and Level Annotations

Branches:
Dungeon (3/15)

Altars:

Annotations:
D:2 Sigmund
D:3 Ijyb


Innate Abilities, Weirdness & Mutations

You are immune to poison.
Your flesh is cold resistant. (rC+)
You are immune to negative energy. (rN+++)
You are immune to unholy pain and torment.
You are vulnerable to heat. (rF-)
You do not drink.


Message History

The endoplasm freezes you.
You are frozen.
You resist.
Ijyb zaps a wand.
The puff of flame hits you. The fire burns you terribly!
You hit the frilled lizard.
You kill the frilled lizard!
Trog accepts your kill.
The endoplasm hits you but does no damage.
Ijyb barely misses you.
You hit the endoplasm.
The endoplasm is almost dead.
The endoplasm closely misses you.
Ijyb zaps a wand.
The puff of flame hits you. The fire burns you terribly!
There is a stone staircase leading up here.
You hit the endoplasm.
You kill the endoplasm!
Trog accepts your kill. Ijyb barely misses you.
You barely miss Ijyb.
Ijyb is heavily wounded.
Your skin stops crawling.
You feel less strong-willed.
You closely miss Ijyb.
Ijyb is heavily wounded.
Ijyb zaps a wand.
The puff of flame hits you! The fire burns you terribly!
* * * LOW HITPOINT WARNING * * *
Your skin crawls.
You feel strong-willed. Ijyb hits you with a +0 club.
* * * LOW HITPOINT WARNING * * *
As you read the scroll of teleportation, it crumbles to dust.
You feel strangely unstable. Ijyb barely misses you.
Your surroundings seem slightly different.
Ijyb zaps a wand.
The puff of flame misses you.
As you read the scroll labelled JEUGGA QOFE, it crumbles to dust.
The creatures around you are filled with an inner flame!
It was a scroll of immolation.
You feel the effects of Trog's Hand fading.
Ijyb zaps a wand.
The puff of flame hits you! The fire burns you terribly!
* * * LOW HITPOINT WARNING * * *
Ijyb zaps a wand.
The puff of flame hits you! The fire burns you terribly!
You die...

## ########.#
#.......#♣
#<#g.....♣♣♣♣♣♣♣
#......@........
#.#†####.♣PP♣P♣
#.#.# #.♣ ..#.#
### .....#
#...... #...###
..##


You could see Ijyb (inner flame).

Vanquished Creatures
  2 gnolls (D:1)
  3 adders (D:2)
  A worm (D:2)
  4 dart slugs
  8 endoplasms
  7 giant cockroaches
  2 goblins
  3 hobgoblins
  2 jackals (D:1)
  2 quokkas
  5 ball pythons
  5 bats
  6 frilled lizards
  3 kobolds
  4 rats
57 creatures vanquished.

Vanquished Creatures (others)
  2 plants (D:3)
2 creatures vanquished.

Grand Total: 59 creatures vanquished

Notes
Turn   | Place    | Note
-------+----------+-------------------------------------------
     0 | D:1      | Gabide the Mummy Berserker began the quest for the Orb.
     0 | D:1      | Reached XP level 1. HP: 18/18 MP: 1/1
   289 | D:1      | Reached XP level 2. HP: 7/24 MP: 2/2
   874 | D:1      | HP: 1/24 [quokka (3)]
  1335 | D:2      | Noticed Sigmund
  1393 | D:1      | Reached XP level 3. HP: 25/29 MP: 3/3
  1651 | D:1      | Found a faded altar of an unknown god.
  1768 | D:1      | Reached ** piety under Trog
  1871 | D:1      | Reached skill level 4 in Fighting
  2056 | D:2      | Reached XP level 4. HP: 35/37 MP: 4/4
  2664 | D:3      | Noticed Ijyb
  2698 | D:3      | Killed from afar by Ijyb

Illustrated notes

Levels and vault maps discovered:
D:1:      matt_arrival_spirals, layout_rooms,
          shapermc_ecumenical_altar_mp_vishouse
D:2:      layout_loops_cross, minmay_nonomino_d4, uniq_sigmund
D:3:      layout_loops_ring, serial_forest, infiniplex_forest_lined_room_2,
          infiniplex_forest_lined_3, infiniplex_forest_lined_2,
          infiniplex_forest_lined_room_2, infiniplex_forest_lined_corner,
          infiniplex_forest_straight_5, infiniplex_forest_clump_medium,
          infiniplex_forest_clump_diagonal, serial_shops,
          nicolae_shop_advertising_works [nicolae_subvault_shop_adworks],
          uniq_crazy_yiuf_cottage, uniq_ijyb

Skill      XL: |  1  2  3 |
---------------+----------+-----
Unarmed Combat | 3 |  3.6
Fighting       | 4 |  4.4
Armour         | |  1.5
Dodging        | |  1.5

Action                   |  1- 3 |  4- 6 || total
-------------------------+-------+-------++-------
Melee: Unarmed           |   136 |    50 ||   186
       Punch             |     2 |       ||     2
 Fire: Hunting sling     |       |    19 ||    19
Throw: Stone             |    39 |     4 ||    43
Invok: Trog's Hand       |       |     3 ||     3
  Use: Scroll            |     1 |     7 ||     8
Armor: Animal skin       |    11 |       ||    11
       Leather armour    |    24 |    10 ||    34
Dodge: Dodged            |    82 |    31 ||   113
